 Dungeon Crawl Stone Soup version 0.29.1-1-gd02db6906a (webtiles) character file.

Game seed: 1066791835896021193

77 vvl the Trooper (level 4, -2/49 HPs)
             Began as an Ogre Fighter on Sept 23, 2022.
             Killed from afar by an orc wizard (6 damage)
             ... with a magic dart
             ... on level 3 of the Dungeon.
             The game lasted 00:03:28 (2758 turns).

vvl the Trooper (Ogre Fighter)                      Turns: 2758, Time: 00:03:28

Health: -2/49      AC:  3    Str: 20    XL:     4   Next: 33%
Magic:  6/6        EV:  8    Int: 11    God:
Gold:   89         SH:  7    Dex:  8    Spells: 6/6 levels left

rFire   . . .      SeeInvis .   a - +0 war axe
rCold   . . .      Faith    .   c - +0 kite shield
rNeg    . . .      Spirit   .   b - +0 robe
rPois   .          Reflect  .   (helmet restricted)
rElec   .          Harm     .   (no cloak)
rCorr   .          Rampage  .   (gloves unavailable)
Will    .....                   (boots unavailable)
Stlth   +.........              (no amulet)
HPRegen 0.16/turn               (no ring)
MPRegen 0.10/turn               (no ring)

@: no status effects
A: large, unfitting armour, tough skin 1
a: no special abilities


You were on level 3 of the Dungeon.
You visited 1 branch of the dungeon, and saw 3 of its levels.

You collected 89 gold pieces.

Inventory:

Hand Weapons
 a - a +0 war axe (weapon)
Armour
 b - a +0 robe (worn)
 c - a +0 kite shield (worn)
Scrolls
 e - a scroll of immolation {unknown}
 f - a scroll of brand weapon {unknown}
 g - 2 scrolls of teleportation {unknown}
 h - a scroll of enchant weapon {unknown}
 i - a scroll of fear {unknown}
 l - a scroll of fog {unknown}
 p - 2 scrolls of identify {unknown}
 s - a scroll of enchant armour {unknown}
 u - 3 scrolls of torment {unknown}
Potions
 d - 2 potions of might
 j - 3 potions of curing {unknown}
 k - a potion of resistance {unknown}
 m - 3 potions of heal wounds {unknown}
 n - a potion of attraction {unknown}
 o - a potion of invisibility {unknown}
 q - a potion of magic {unknown}
 r - a potion of haste {unknown}
 t - 2 potions of mutation {unknown}


   Skills:
 + Level 4.5 Fighting
 + Level 2.4 Axes
 + Level 1.0 Armour
 + Level 3.1 Dodging
 + Level 3.3 Shields
 + Level 1.5 Spellcasting


You had 6 spell levels left.
You didn't know any spells.
Your spell library contained the following spells:

 Spells                   Type           Power      Damage    Failure   Level
 Beastly Appendage        Tmut           0%         N/A       58%         1
 Necrotise                Necr           0%         1d4       58%         1
 Wereblood                Tmut           0%         N/A       73%         2
 Spider Form              Tmut/Pois      0%         N/A       91%         3
 Vampiric Draining        Necr           0%         2d6       91%         3
 Agony                    Necr           0%         N/A       100%        5


Dungeon Overview and Level Annotations

Branches:
Dungeon (3/15)

Altars:
Qazlal

Shops:
D:3 =


Innate Abilities, Weirdness & Mutations

You are too large for most types of armour.
You have tough skin. (AC +1)


Message History

Your Armour skill increases to level 1!
You closely miss the orc wizard. The orc wizard barely misses you.
You block the orc wizard's attack.
You hear some strange, mumbled words.
You are confused.
Unknown command.
You barely miss the orc wizard. You barely miss something.
The orc wizard barely misses you. Something hits you. Something hits you.
* * * LOW HITPOINT WARNING * * *
Items here: $ ) ? †.
The orc wizard hits you with a +0 dagger.
* * * LOW HITPOINT WARNING * * *
Things that are here:
a +0 club; 15 gold pieces; an orc corpse You miss something.
You miss the orc wizard.
You feel less confused.
The orc wizard hits you but does no damage.
Something hits you.
* * * LOW HITPOINT WARNING * * *
The orc wizard hits you with a +0 dagger.
* * * LOW HITPOINT WARNING * * *
Something hits you.
* * * LOW HITPOINT WARNING * * *
You slash the orc wizard!
The orc wizard is severely wounded.
You miss something.
The orc wizard hits you but does no damage.
Something hits you but does no damage. Something hits you.
* * * LOW HITPOINT WARNING * * *
The orc wizard closely misses you.
You completely miss the orc wizard.
The orc wizard is severely wounded.
You hit something.
The orc wizard hits you with a +0 dagger.
* * * LOW HITPOINT WARNING * * *
You hear some strange, mumbled words.
A magic dart appears from out of thin air!
The magic dart hits you.
You die...

##..# ...........#....# ##.#
#..............#....' #.#
#..............#....# #.#
#............∩.#....# #.#
#..............#....# #.#
#..........#####....# #.#
#..........# #.....##
#.########..........# #.....#
#...........o@......###.....#
#########...{)..............##
#.######.............. #.#
#...........### #..
+...........#
########<..........#
...............####
.######........# #.....÷..#


You could see an orc wizard.

Vanquished Creatures
  2 adders (D:2)
  2 dart slugs
  3 orcs (D:3)
  6 ball pythons
  5 bats (D:1)
  An endoplasm (D:2)
  3 giant cockroaches
  5 hobgoblins (D:1)
  2 jackals (D:3)
  4 kobolds
  2 quokkas (D:2)
  2 frilled lizards
  4 goblins
  9 rats
50 creatures vanquished.

Vanquished Creatures (others)
  8 plants (D:2)
8 creatures vanquished.

Grand Total: 58 creatures vanquished

Notes
Turn   | Place    | Note
-------+----------+-------------------------------------------
     0 | D:1      | vvl the Ogre Fighter began the quest for the Orb.
     0 | D:1      | Reached XP level 1. HP: 24/24 MP: 1/1
   281 | D:1      | Found a faded altar of an unknown god.
   324 | D:1      | Reached XP level 2. HP: 31/32 MP: 2/2
   853 | D:1      | Reached skill level 1 in Spellcasting
   853 | D:1      | Reached XP level 3. HP: 39/39 MP: 4/4
  1787 | D:2      | Reached XP level 4. HP: 47/49 MP: 4/6
  2658 | D:3      | Found Coocsel's Jewellery Shop.
  2697 | D:3      | Found a stormy altar of Qazlal.
  2752 | D:3      | Reached skill level 1 in Armour
  2758 | D:3      | Killed from afar by an orc wizard

Illustrated notes

Levels and vault maps discovered:
D:1:      minmay_arrival_four_loops, layout_loops_ring,
          hellmonk_ecumenical_altar_run_dry
D:2:      layout_basic, serial_bayou_lagoon_a
D:3:      layout_basic, mainiacjoe_overflow_six_doors_small,
          gammafunk_temple_overflow_pools, serial_shops, shop

Skill      XL: |  1  2  3  4 |
---------------+-------------+-----
Spellcasting   | 1 |  1.5
Dodging        | 3 |  3.1
Armour         | 1 |  1.0
Fighting       | |  4.5
Axes           | |  2.4
Shields        | |  3.3

Action                   |  1- 3 |  4- 6 || total
-------------------------+-------+-------++-------
Melee: War axe           |   105 |    54 ||   159
Armor: Robe              |    37 |     9 ||    46
Dodge: Dodged            |    57 |    21 ||    78
Block: Kite shield       |    51 |    28 ||    79
